Map: Prion Terraces

Players

Richardfeder - Winner!

  • Race: Terran Terran
  • League: Master

MorN

  • Race: Terran Terran
  • League: Master

VOD

Have the link to the VOD?

Description

Time

  • Played on: Nov. 17, 2015, 7:55 p.m.
  • Length: 4:16
Show
View Real Time Build Order
Export as new Build Order

Richardfeder Terran - Winner!

Build Orders: 1/1/1 

Get SALT Encoding   

  12  0:01  SCV  
  13  0:13  SCV  
  14  0:18  Supply Depot  
  14  0:25  SCV  
  15  0:38  Refinery  
  15  0:40  SCV  
  16  0:45  Barracks  
  16  0:52  SCV  
  16  0:56  Refinery  
  17  1:04  SCV  
  18  1:16  SCV  
  19  1:28  SCV  
  20  1:35  Reaper  
  21  1:40  Orbital Command  
  21  1:42  Factory  
  21  1:51  Supply Depot  
  21  2:09  Reaper  
  21  2:12  SCV  
  22  2:24  SCV  
  22  2:26  Hellion  
  22  2:27  Starport  
  25  2:36  SCV  
  26  2:48  SCV  
  26  2:49  Barracks Tech Lab  
  27  2:55  Hellion  
  29  3:00  Supply Depot, SCV  
  30  3:38  SCV  
  31  3:52  Command Center  
  30  3:57  SCV  
  33  4:06  Engineering Bay  
Show
View Real Time Build Order
Export as new Build Order

MorN Terran 

Build Orders:  

Get SALT Encoding   

  12  0:00  SCV  
  13  0:13  SCV  
  14  0:18  Supply Depot  
  14  0:25  SCV  
  14  0:27  Refinery  
  15  0:39  SCV  
  16  0:44  Barracks  
  16  0:51  SCV  
  17  1:03  SCV  
  18  1:16  SCV  
  19  1:31  Orbital Command  
  19  1:32  Marine  
  20  1:43  Command Center  
  20  1:53  Factory  
  20  1:58  Marine  
  21  2:06  SCV  
  22  2:09  Supply Depot  
  22  2:14  Refinery  
  22  2:18  SCV  
  23  2:31  SCV, Marine  
  25  2:38  Starport  
  25  2:43  SCV  
  26  2:49  Marine  
  27  2:57  Orbital Command  
  27  3:00  Factory Tech Lab  
  27  3:01  SCV  
  28  3:06  Marine  
  26  3:24  Marine  
  20  3:38  SCV  
  23  3:42  Marine  
  18  3:57  SCV  
Tags
 
Matchup
TvT
Opening
1/1/1
Race
Terran
Replay Pack
MorN pack 2
Add a new tag
Caveats
  • Supply blocks, unpowered buildings, or Contaminate may cause inaccurate times.
  • Supply counts are checked every 10 seconds.